 Dungeon Crawl Stone Soup version 0.32-a0-585-gef4fe23122 (webtiles) character file.

Game seed: 3658155380729112271

118 Descartes the Ducker (level 4, -1/22 HPs)
             Began as a Felid Shapeshifter on Mar 2, 2024.
             Killed by nerve-wracking pain
             ... invoked by an orc priest
              (2 damage)
             ... on level 3 of the Dungeon.
             The game lasted 00:02:44 (2204 turns).

Descartes the Ducker (Felid Shapeshifter)           Turns: 2204, Time: 00:02:45

Health: -1/22      AC:  1    Str: 12    XL:     4   Next: 72%
Magic:  5/5        EV: 18    Int: 14    God:
Gold:   154        SH:  0    Dex: 15    Spells: 3/3 levels left
                                        Lives:  0   Deaths: 2

rFire   . .          .
                       - Unarmed
rCold   . . .        (shield unavailable)
rNeg    . . .        (body armour unavailable)
rPois   .            (helmet unavailable)
rElec   .            (cloak unavailable)
rCorr   .            (gloves unavailable)
SInv    +            (boots unavailable)
Will    .....        (no amulet)
Stlth   ++           (no ring)
HPRegen 0.23/turn    (no ring)
MPRegen 0.09/turn

%: no passive effects
@: beast-form
A: beast (slay +1), very small, claws 1, fangs 3, see invisible, shaggy fur 1,
stealthy paws, no weapons or thrown items, no armour, multi-lived
a: Begin Untransformation, Convert to Beogh


You were on level 3 of the Dungeon.
You were a hulking beast.
You visited 1 branch of the dungeon, and saw 3 of its levels.

You collected 154 gold pieces.

Inventory:

Jewellery
 r - a +6 ring of strength
Talismans
 b - a beast talisman (active)
 c - a flux talisman
Wands
 p - a wand of charming (8)
Scrolls
 d - 2 scrolls of revelation {unknown}
 e - 4 scrolls of identify {unknown}
 f - a scroll of noise {unknown}
 h - a scroll of fog {unknown}
 i - a scroll of amnesia {unknown}
 j - a scroll of poison {unknown}
 o - a scroll of enchant armour {unknown}
 q - 2 scrolls of teleportation {unknown}
Potions
 a - a potion of lignification
 g - a potion of enlightenment {unknown}
 k - a potion of attraction {unknown}
 l - a potion of ambrosia {unknown}
 m - a potion of brilliance {unknown}
 n - a potion of degeneration {unknown}


   Skills:
 - Level 1.0 Fighting
 + Level 4.1 Dodging
 + Level 3.1 Stealth
 + Level 3.7 Unarmed Combat
 + Level 3.2 Shapeshifting


You had 3 spell levels left.
You didn't know any spells.
Your spell library was empty.

Dungeon Overview and Level Annotations

Branches:
Dungeon (3/15)

Altars:
Okawaru


Innate Abilities, Weirdness & Mutations

You are a hulking beast.
Your limbs bulge with bestial killing power. (Slay +1)
You have sharp claws.
You have razor-sharp teeth.
You have supernaturally acute eyesight. (SInv)
You are covered in fur. (AC +1)
Your paws help you pounce on unaware monsters.
You are incapable of wielding weapons or throwing items.
You cannot wear armour.
You gain extra lives every three experience levels.


Message History

Unknown command.
You bump into the rock wall.
The orc wizard casts a spell at you. The magic dart hits you!
You're too confused to move!
The orc wizard casts a spell.
The orc wizard flickers and vanishes for a moment.
The orc wizard hits you with a +0 dagger.
You miss the orc wizard.
The orc wizard points at you and mumbles some strange words.
You resist with some effort.
The orc priest invokes the aid of Beogh against you.
Beogh smites you!
* * * LOW HITPOINT WARNING * * *
You bump into the rock wall.
You feel less confused. The orc wizard misses you.
You claw the orc wizard! You claw the orc wizard.
The orc wizard is severely wounded.
The orc wizard completely misses you.
The orc priest mumbles some strange prayers to Beogh against you.
The orc wizard writhes in agony.
Unknown command.
You scratch the orc wizard but do no damage.
You bite the orc wizard.
You kill the orc wizard!
Your Dodging skill increases to level 4!
Your Stealth skill increases to level 3!
You closely miss the orc priest.
The orc priest shouts, "Beogh offers mercy even to people such as you.
Join us and be reborn!"
The orc priest hits you with a +0 mace.
* * * LOW HITPOINT WARNING * * *
You barely miss the orc priest. The orc priest completely misses you.
Unknown command.
You scratch the orc priest.
The orc priest is moderately wounded.
The orc priest shouts, "Beogh offers mercy even to people such as you.
Join us and be reborn!"
The orc priest invokes the aid of Beogh against you.
Pain shoots through your body!
You die...

#.#.##.# #.#...##
#.#.##.# ##...#..####
#.#.##.# #...###.....
#.#.##.###†...#..####
##.#.##..##..#...##
#....###.##..##.######
#..### #.##..#........
#..#####.##..#.#.#####
#....ho.#.)..#.#.#
#<######.##.##.#.# #>#
#.##.##.#.# ### #.#
#....##.#.# #.. #.#
#..####.#.##... #.#
#.........(...#
#.#######.####.#.###.#
#......†.......#......
########.###..†.....#


You could see an orc priest.

Vanquished Creatures
  An orc wizard (D:3)
  A sleepcap (D:2)
  An adder (D:2)
  2 dart slugs (D:3)
  A ribbon worm (D:3)
  3 ball pythons
  7 endoplasms
  4 giant cockroaches
  3 goblins
  9 hobgoblins
  2 jackals (D:1)
  6 kobolds
  2 quokkas
  3 bats
  3 frilled lizards
  5 rats
53 creatures vanquished.

Notes
Turn   | Place    | Note
-------+----------+-------------------------------------------
     0 | D:1      | Descartes the Felid Shapeshifter began the quest for the
                  | Orb.
     0 | D:1      | Reached XP level 1. HP: 10/10 MP: 2/2
    80 | D:1      | Reached skill level 1 in Stealth
   110 | D:1      | Reached skill level 3 in Dodging
   110 | D:1      | Reached XP level 2. HP: 14/14 MP: 3/3
   472 | D:1      | Reached XP level 3. HP: 18/18 MP: 4/4
   944 | D:2      | Mangled by a sleepcap
   944 | D:2      | Lost a life (0 lives remaining)
  1472 | D:2      | Reached XP level 4. HP: 22/22 MP: 5/5
  1472 | D:2      | Gained a life (1 life remaining)
  1922 | D:3      | Found an iron altar of Okawaru.
  2173 | D:3      | Killed from afar by an orc wizard
  2173 | D:3      | Lost a life (0 lives remaining)
  2202 | D:3      | Reached skill level 4 in Dodging
  2202 | D:3      | HP: 1/22 [orc priest/+0 mace (2)]
  2204 | D:3      | Killed from afar by an orc priest

Illustrated notes

Levels and vault maps discovered:
D:1:      dpeg_arrival_more_subterranean_lakeside_camping, layout_basic,
          serial_bayou_pond_e, st_stairs_13
D:2:      layout_loops_corners, nicolae_figureground_sparkle
D:3:      layout_loops_ring, okawaru_trees_2, nicolae_figureground_pulse

Skill      XL: |  1  2  3  4 |
---------------+-------------+-----
Stealth        | 1 2 3 |  3.1
Dodging        | 3 4 |  4.1
Shapeshifting  | 3 |  3.2
Fighting       | |  1.0
Unarmed Combat | |  3.7

Action                     |  1- 3 |  4- 6 || total
---------------------------+-------+-------++-------
  Melee: Unarmed           |    70 |    44 ||   114
         Punch             |     4 |     1 ||     5
         Bite              |    10 |     5 ||    15
   Stab: Sleeping          |     8 |     2 ||    10
 Armour: Skin              |    16 |     8 ||    24
  Dodge: Dodged            |    39 |    33 ||    72

Table legend: (Time is in decaauts)
 A = Elapsed time spent in this place.
 B = Non-inter-level travel time spent in this place.
 C = Inter-level travel time spent in this place.
 D = Time resting spent in this place.
 E = Time spent auto-exploring this place.
 F = Levels seen in this place.
 G = Mean time per level.
                   A        B        C        D        E       F      G
               +--------+--------+--------+--------+--------+-----+--------+
         Total |   2198 |   2135 |     63 |      0 |   1793 |   3 |  732.7 |
       Dungeon |   2198 |   2135 |     63 |      0 |   1793 |   3 |  732.7 |
               +--------+--------+--------+--------+--------+-----+--------+

Top non-repeatable levels by time:
     D:1: 881 daAuts
     D:2: 866 daAuts
     D:3: 450 daAuts
